Cogmind - Beta 10.2 *** ADVENTURER MODE // 2021.08.09 @ 14:54:16 Player: darlorth Result: Destroyed by Y-45 Defender with Beam Rifle Performance ------------- Evolutions (1) 500 Regions Visited (2) 400 Robots Destroyed (23) 115 Value Destroyed (445) 445 Prototype IDs (0) 0 Alien Tech Used (0) 0 Bonus (0) 0 TOTAL SCORE: 1460 Bonus ------- None Cogmind --------- Core Integrity 0/400 Matter 295/300 Energy 100/100 System Corruption 0% Temperature Cool (9) Movement Core (100) Ox1 Location -9/Materials Parts ------- > --- POWER (1) -------- (None) > --- PROPULSION (4) --- (None) > --- UTILITY (2) ------ Small Storage Unit > --- WEAPON (2) ------- Hammer > --- INVENTORY (6) ---- Flight Unit Small Storage Unit Signal Interpreter Utility Shielding Particle Cannon Datajack Peak State ------------ > --- POWER ------------ Light Ion Engine > --- PROPULSION ------- Wheel Wheel Flight Unit VTOL Module > --- UTILITY ---------- Small Storage Unit Shield Generator > --- WEAPON ----------- Particle Cannon > --- INVENTORY -------- Small Storage Unit Signal Interpreter Utility Shielding Particle Cannon Datajack [Rating: 11] Favorites ----------- Power Light Ion Engine Engine Light Ion Engine Propulsion Compact Wheel Wheel Compact Wheel Flight Unit Flight Unit Utility Small Storage Unit Device Shield Generator Storage Small Storage Unit Protection Medium Armor Plating Weapon Particle Cannon Energy Gun EM Pulse Gun Energy Cannon Particle Cannon Ballistic Gun Light Assault Rifle Impact Weapon Hammer Build | -11 -10 -9 ------- Run | Scr Mat Mat Slots Evolved 2 | . . 2 Power . | . . . Propulsion 2 | . . 2 Utility . | . . . Weapon . | . . . Parts Attached 20 | 6 4 10 Power 2 | 1 1 . Engine 2 | 1 1 . Core . | . . . Reactor . | . . . Propulsion 8 | 2 . 6 Treads . | . . . Leg . | . . . Wheel 4 | 2 . 2 Hover . | . . . Flight 4 | . . 4 Utility 3 | 1 . 2 Device 1 | . . 1 Storage 1 | 1 . . Processor . | . . . Hackware . | . . . Protection 1 | . . 1 Artifact . | . . . Weapon 7 | 2 3 2 Energy Gun 3 | 2 1 . Energy Cannon 2 | . 1 1 Ballistic Gun 1 | . 1 . Ballistic Cannon . | . . . Launcher . | . . . Special Weapon . | . . . Impact Weapon 1 | . . 1 Slashing Weapon . | . . . Piercing Weapon . | . . . Special Melee Weapon . | . . . Unidentified Prototypes . | . . . Parts Lost 13 | . 6 7 Power 2 | . 1 1 Propulsion 6 | . 2 4 Utility 2 | . . 2 Weapon 3 | . 3 . Highest Loss Streak 6 | . 3 6 Average Slot Usage (%) 48 | . 47 50 Engine 12 | . 13 10 Wheel 3 | . 4 2 Flight 3 | . . 10 Device 1 | . . 5 Storage 13 | . 14 11 Energy Gun 7 | . 10 . Energy Cannon 5 | . 5 7 Naked Turns . | . . . Heaviest Build 13 | 13 13 13 Greatest Support 32 | 32 32 20 Greatest Overweight (x) 4 | . 3 4 Average Overweight (x) 1 | . 2 . Largest Inventory Capacity 6 | 6 6 6 Average Capacity 5 | 5 6 6 Most Carried 6 | 4 6 6 Average Carried 4 | 1 4 5 Final Capacity 6 | 6 6 6 Final Carried 6 | 3 6 6 Class Distribution -------------------- 99% | Mutant Dominant Class ---------------- Mutant | -10/Materials Mutant | -9/Materials Resources | -11 -10 -9 ----------- Run | Scr Mat Mat Matter Collected 364 | 201 91 72 Remotely . | . . . Salvage Created 619 | 52 448 119 Parts 47 | 3 31 13 Haulers Intercepted . | . . . Recyclers Shooed 2 | . 2 . Parts Field Recycled . | . . . Retrieved Matter . | . . . Parts Self-Destructed . | . . . Prevented . | . . . Kills | -11 -10 -9 ------- Run | Scr Mat Mat Combat Hostiles Destroyed 18 | . 10 8 Melee 3 | . . 3 Guns 9 | . 9 . Cannons 4 | . . 4 AOE 1 | . 1 . Classes Destroyed 5 | 1 4 . Tunneler 1 | . 1 . Recycler 1 | 1 . . Watcher 3 | . 3 . Swarmer 11 | . 3 8 Grunt 7 | . 7 . Best Kill Streak 4 | 1 3 4 Combat Bots Only 4 | . 3 4 Max Kills in Single Turn 1 | 1 1 1 Gunslinging . | . . . Exploded 1 | . 1 . Melee 1 | . . 1 Uniques/NPCs Destroyed . | . . . Combat | -11 -10 -9 -------- Run | Scr Mat Mat Damage Taken 1267 | . 447 820 Core 504 | . 102 402 Absorbed by Shields 53 | . . 53 Core Remaining (%) 79 | 100 59 . Volleys Fired 64 | 1 56 7 Largest 2 | 2 2 1 Hottest 100 | 100 100 68 Shots Fired 90 | 2 81 7 Gun 79 | 2 77 . Cannon 11 | . 4 7 Launcher . | . . . Special . | . . . Kinetic 7 | . 7 . Thermal 50 | 2 41 7 Explosive . | . . . Electromagnetic 33 | . 33 . Robot Hit Streak 15 | 2 13 15 Robot Miss Streak 3 | . 3 2 Penetration Max . | . . . Secondary Targets 3 | . 3 . Max Gunslinging Chain 1 | . 1 . Shots Hit Robots 90 | 2 59 29 Core Hits 30 | 2 20 8 Critical Hits . | . . . Critical Kills . | . . . Critical Parts Destroyed . | . . . Melee Attacks 27 | . . 27 Impact 27 | . . 27 Slashing . | . . . Piercing . | . . . Sneak Attacks . | . . . Combat Hostiles . | . . . Follow-up Attacks . | . . . Damage Inflicted 1391 | 24 890 477 Guns 759 | 24 735 . Cannons 183 | . 81 102 Explosions 74 | . 74 . Melee 375 | . . 375 Ramming . | . . . Kinetic 55 | . 55 . Thermal 539 | 24 413 102 Explosive . | . . . Electromagnetic 422 | . 422 . Impact 375 | . . 375 Slashing . | . . . Piercing . | . . . Highest Corruption . | . . . Average Corruption . | . . . Corruption Purged . | . . . Overload Shots . | . . . Overflow Damage 31 | . 3 28 Projectiles . | . . . Explosions 3 | . 3 . Melee 28 | . . 28 Knockbacks . | . . . Impact . | . . . Kinetic . | . . . Secondary . | . . . Self-Inflicted Damage 19 | . 19 . Shots 2 | . 2 . Rammed . | . . . Targets Rammed . | . . . Kicked . | . . . Crushed . | . . . Highest Temperature 309 | 39 309 160 Average Temperature 103 | 24 107 86 Received Heat Transfer 532 | . 282 250 Effects 1 | . 1 . Energy Bleed 1 | . 1 . Siege Activations . | . . . Robots Corrupted . | . . . Combat Hostiles . | . . . Parts Fried 4 | . 4 . Impact Corruptions 3 | . . 3 Robots Melted . | . . . Combat Hostiles . | . . . Parts Melted . | . . . Heat Transferred 1334 | 74 1075 185 Parts Sabotaged . | . . . Parts Stolen . | . . . Parts Stripped . | . . . Power Chain Reactions 3 | . 3 . Missiles Intercepted . | . . . Alert | -11 -10 -9 ------- Run | Scr Mat Mat Peak Influence 224 | 5 224 180 Initial 2 | . 2 . Average 51 | 2 54 49 Maximum Alert Level 1 | . 1 . Low Security (%) 92 | 100 89 100 Level 1 7 | . 10 . Level 2 . | . . . Level 3 . | . . . Level 4 . | . . . Level 5 . | . . . High Security . | . . . Max Security . | . . . Squads Dispatched 3 | . 1 2 Investigation 1 | . 1 . Extermination . | . . . Reinforcement 2 | . . 2 Assault . | . . . Garrison . | . . . Intercept . | . . . Construction Impeded . | . . . Haulers Reinforced . | . . . Stealth | -11 -10 -9 --------- Run | Scr Mat Mat Distress Signals 2 | . 1 1 Communications Jammed . | . . . Distress Signals . | . . . Times Spotted 40 | . 18 22 Peak Tracking Total 8 | . 6 8 Tactical Retreats 5 | . 1 4 Traps | -11 -10 -9 ------- Run | Scr Mat Mat Traps Triggered . | . . . Indirectly . | . . . Trap Hack Attempts . | . . . Triggered . | . . . Disarmed . | . . . Reprogrammed . | . . . Reused . | . . . Traps Extracted . | . . . Installed . | . . . Triggered . | . . . Machines | -11 -10 -9 ---------- Run | Scr Mat Mat Machines Disabled 1 | . 1 . Max in Single Turn 1 | . 1 . Machines Sabotaged . | . . . Garrisons Compromised . | . . . Overloaded Fab Kills . | . . . Fab Network Shutdowns . | . . . Hacking | -11 -10 -9 --------- Run | Scr Mat Mat Machines Accessed 4 | . 2 2 Terminals 3 | . 1 2 Fabricators . | . . . Repair Stations . | . . . Recycling Units 1 | . 1 . Scanalyzers . | . . . Garrison Access . | . . . Total Hacks 8 | . 2 6 Successful 4 | . 1 3 Failed 4 | . 1 3 Catastrophic . | . . . Database Lockouts . | . . . Manual 7 | . 1 6 Terminals 7 | . 1 6 Fabricators . | . . . Repair Stations . | . . . Recycling Units 1 | . 1 . Scanalyzers . | . . . Garrison Access . | . . . Terminal Hacks . | . . . Fabricator Hacks . | . . . Repair Station Hacks . | . . . Recycling Unit Hacks . | . . . Scanalyzer . | . . . Garrison Access Hacks . | . . . Unauthorized Hacks 4 | . 1 3 Terminals 3 | . . 3 Track 1 | . . 1 Assimilate 2 | . . 2 Fabricators . | . . . Repair Stations . | . . . Recycling Units 1 | . 1 . Tunnel 1 | . 1 . Scanalyzers . | . . . Garrison Access . | . . . Data Cores Recovered . | . . . Used . | . . . Hacking Detections 3 | . 1 2 Full Trace Events . | . . . Feedback Events . | . . . Feedback Blocked . | . . . Robot Schematics Acquired . | . . . Robots Built . | . . . Matter . | . . . Time . | . . . Total Robot Build Rating . | . . . Part Schematics Acquired . | . . . Parts Built . | . . . Matter . | . . . Time . | . . . Total Part Build Rating . | . . . Parts Repaired . | . . . Time . | . . . Parts Recycled . | . . . Recycled Matter . | . . . Retrieved Matter . | . . . Retrieved Components . | . . . Parts Scanalyzed . | . . . Part Schematics Acquired . | . . . Parts Damaged . | . . . Bothacking | -11 -10 -9 ------------ Run | Scr Mat Mat Used RIF Installer . | . . . Robots Hacked . | . . . Non-combat . | . . . Combat . | . . . Robot Hacks Applied . | . . . Relay Couplers Released . | . . . Robots Rewired . | . . . Allies Hacked . | . . . Hacks Repelled . | . . . Allies | -11 -10 -9 -------- Run | Scr Mat Mat Total Allies 1 | . . 1 Largest Group 1 | . . 1 Highest-Rated Group 10 | . . 10 Highest-Rated Ally 10 | . . 10 Total Orders . | . . . Ally Attacks . | . . . Total Damage . | . . . Kills . | . . . Allies Corrupted . | . . . Allies Melted . | . . . Intel | -11 -10 -9 ------- Run | Scr Mat Mat Robot Analysis Total . | . . . Derelict Logs Recovered . | . . . Drone Launches . | . . . Drone Recoveries . | . . . Exploration | -11 -10 -9 ------------- Run | Scr Mat Mat Turns Passed 2037 | 62 1400 575 Spaces Moved 1201 | 45 696 460 Core 710 | 8 569 133 Treads . | . . . Legs . | . . . Wheels 253 | 37 127 89 Hover . | . . . Flight 238 | . . 238 Fastest Speed 31 | 50 100 31 Average Speed 144 | 91 178 98 Slowest Speed 250 | 100 200 250 Overloaded Moves . | . . . Propulsion Burnouts . | . . . Robots Hopped 7 | . . 7 Cave-ins Triggered . | . . . Exploration Rate (%) 46 | 4 85 51 Regions Visited 2 Branch Regions . Pre-discovered Areas 1 | . 1 . Known Exits Taken . | . . . Unknown Exits Taken 2 | 1 1 . Scrap Searched . | . . . Spaces Dug . | . . . Terrain Destroyed 12 | . 12 . Melee . | . . . Projectile . | . . . AOE 12 | . 12 . Terrain Rammed . | . . . Walls Destroyed . | . . . Machines Disabled . | . . . Actions | -11 -10 -9 --------- Run | Scr Mat Mat Total 1367 | 63 775 529 Wait 40 | 3 12 25 Move 1185 | 44 695 446 Hop 7 | . . 7 Pick Up 19 | 9 7 3 Fast Attach 6 | . . 6 Attach 14 | 6 4 4 Detach 1 | . . 1 Swap . | . . . Drop 4 | . 1 3 Fire 64 | 1 56 7 Melee 27 | . . 27 Ram . | . . . Kick . | . . . Crush . | . . . Escape Stasis . | . . . Rewire . | . . . Trap . | . . . Miscellaneous . | . . . Route ------- -11/Scrapyard -10/Materials (discovered 3 exits: *Mat x3) -9/Materials (discovered 1 exit: [*Min]) History --------- Turn | Location | Event 26 | -11/Scrapyard | Discovered new exit (range 15) 63 | -11/Scrapyard | Entered Materials 279 | -10/Materials | Lost 3 parts (1n2w) 300 | -10/Materials | Build established: Mutant 497 | -10/Materials | Discovered new exit (range 7) 949 | -10/Materials | Discovered new exit (range 5) 1212 | -10/Materials | Discovered new exit (range 4) 1463 | -10/Materials | Entered another Materials area 1463 | -9/Materials | Evolved 2 slots: Propulsion x2 1911 | -9/Materials | Discovered new exit (range 12) 2000 | -9/Materials | Core integrity fell below 50% 2024 | -9/Materials | Core integrity fell below 20% 2026 | -9/Materials | Lost 6 parts (1p4n1u) 2038 | -9/Materials | Destroyed by Y-45 Defender with Beam Rifle Last Messages --------------- 01970_ Destroyed Flight Unit. 01970_ S-10 Pest system corrupted by crushing effect. 01971_ Flight Unit destroyed. 01973_ S-10 Pest destroyed. 01975_ Flight Unit destroyed. 01976_ Acquired 18 matter. 01978_ S-10 Pest destroyed. 01982_ Lgt. Ion Engine destroyed. 01989_ Material Processor disabled. 01992_ Flight Unit destroyed. 01995_ VTOL Module destroyed. 02000_ Destroyed Flight Unit. 02000_ S-10 Pest system corrupted by crushing effect. 02010_ Acquired Med. Armor Plating. 02012_ S-10 Pest misfires. 02016_ Destroyed Lgt. Ion Engine. 02016_ S-10 Pest system corrupted by crushing effect. 02017_ S-10 Pest system terminally corrupted. 02021_ ALERT: Hostiles spotted, dispatching reinforcements to Terminal M008. 02036_ Med. Armor Plating destroyed. Map ----- +----------------------------------------------------+ | ????????????????????????? ???# # [/ # | | ??????????????????????? ???# # / # | | ?????????????????????? ???# # # | | ??????????????????????##+## ???# #### ### | | ??????????????????????????# ???# #???##?? | | ??????????????????????????# #??# #??????? | | ??????????????????????????# #??# #??????? | | ??????????????????????????# ####+###????? | | ??????????????????????????# # #????? | | ??????????????????????????# # #????? | | ??????????????????????????# # #????? | | ??????????????????????????# # #????? | | ??????????????????????????# + #????? | | ????????????????????####### # #????? | | ?????????????? ########????? | | ????????????????????####### #??????? | | ??????????????????????????# #??????? | | ??????????????????????????# [ #??????? | | ?????????????????????########/## #??????? | | ?????????????????? ## =%[ # #??????? | | ?????????????? + """ #? #??????? | | ??????????????? ## """"" #? #??????? | | ?????????????????????# """"" #?? #??????? | | ?????????????????????# """" #???#??????? | | ?????????????????????# """ #??????????? | | ?????????????????????# @Y #??????????? | | ?????????????????????# Y #??????????? | | ?????????????????????###########??????????? | | ??????????????????????????????????????????? | | ??????????????????????????????????????????? | | ??????????????????????????????????????????? | | ??????????????????????????????????????????? | | ??????????????????????????????????????????? | | ??????????????????????????????????????????? | | ??????????????????????????????????????????? | | ??????????????????????????????????????????? | | ??????????????????????????????????????????? | | ??????????????????????????????????????????? | | ??????????????????????????????????????????? | | ??????????????????????????????????????????? | | ??????????????????????????????????????????? | | ??????????????????????????????????????????? | | ??????????????????????????????????????????? | | ??????????????????????????????????????????? | | ??????????????????????????????????????????? | | | | | | | | | | | +----------------------------------------------------+ Best States ------------- Heat Dissipation 28 Energy Generation 10 Energy Capacity 250 Matter Stores 300 Matter Capacity 300 Sight Range 16 Terrain Scan Density 10 Armor Coverage 225 Resistance: KI 20 Resistance: TH 20 Resistance: EX 20 Resistance: EM 20 Resistance: I 20 Resistance: S 20 Resistance: P 20 Evasion (%) 63 Offensive Hacking 10 Item Schematics ----------------- None Robot Schematics ------------------ None Fabricated ------------ Nothing Alien Tech Used ----------------- None Achievements -------------- None Challenges ------------ None Game ------ Seed DataMiningAutocannon Manual? 0 Play Time 00:15:02 Cumulative 183.0 hours Start 2021.08.09 @ 14:39:27 End 2021.08.09 @ 14:54:16 Sessions 1 Manual Loads 0 Difficulty Adventurer Special Mode None Game No. 211 Rogue 106 Adventurer 59 Explorer 46 Win Type - Total 7 Types 6/0/1/0/0/0/0/0/0 Lore% 32 Gallery% 66 Achievement% 53 Wizard Run 0 Options --------- ASCII 0 Keyboard 0 Movement Mouse Keybinds 0 Fullscreen 1 Font 12/Smallcaps Map View 83x54 Tactical HUD 1 Map Filters NONE Filters NONE Steam 1 RUN: ea341bb7-62ad-4476-8218-cce6a442da7f